 Dungeon Crawl Stone Soup version 0.16-a0-77-g708f960 (webtiles) character file.

40 PolkaDot the Cutter (level 3, -2/27 HPs)
             Began as a Vampire Death Knight on Aug 8, 2014.
             Was a Follower of Yredelemnul.
             Killed from afar by Sigmund (10 damage)
             ... with a puff of flame
             ... on Level 2 of the Dungeon.
             The game lasted 00:05:05 (1528 turns).

PolkaDot the Cutter (Vampire Death Knight)          Turns: 1528, Time: 00:05:06

HP  -2/27        AC  3     Str 12      XL: 3   Next: 30%
MP   1/4         EV 10     Int 13      God: Yredelemnul [*.....]
Gold 43          SH  0     Dex 14      Spells:  0 memorised,  2 levels left

rFire  . . .     SeeInvis +     a - +1 short sword
rCold  . . .     Clarity  .     b - +0 leather armour
rNeg   . . .     rCorr    .     (no shield)
rPois  .         rRot     .     (no helmet)
rElec  .         Spirit   .     (no cloak)
SustAb +         Warding  .     (no gloves)
rMut   .         Stasis   .     (no boots)
Gourm  .                        (no amulet)
MR     .....                    (no ring)
                                e - ring of sustain abilities

@: regenerating quickly, not resistant to hostile enchantments, very unstealthy
A: fangs 3, see invisible, unbreathing
a: Animate Remains, Renounce Religion


You were on level 2 of the Dungeon.
You worshipped Yredelemnul.
Yredelemnul was aware of your devotion.
You were full.

You visited 1 branch of the dungeon, and saw 2 of its levels.

You collected 43 gold pieces.

Inventory:

Hand weapons
 a - a +1 short sword (weapon)
 j - a cursed -3 dagger
Missiles
 k - 49 stones (quivered)
 m - 7 javelins
Armour
 b - a +0 leather armour (worn)
Scrolls
 f - a scroll of blinking {unknown}
 l - a scroll of noise {unknown}
Jewellery
 e - a ring of sustain abilities (left hand)


   Skills:
 - Level 1.7 Fighting
 * Level 4.1 Short Blades
 - Level 0.7 Armour
 - Level 1.1 Dodging
 - Level 2.4 Invocations


You had 2 spell levels left.
You didn't know any spells.

Dungeon Overview and Level Annotations

Branches:
Dungeon (2/15)

Altars:

Annotations:
D:2 Ijyb, Sigmund


Innate Abilities, Weirdness & Mutations

Your natural rate of healing is unusually fast.
You have razor-sharp teeth.
You have supernaturally acute eyesight.
You can survive without breathing.


Message History

You closely miss Sigmund.
Sigmund is lightly wounded.
Your giant cockroach zombie closely misses Sigmund.
A kobold comes into view. It is wielding a club.
You hit Sigmund.
Sigmund is lightly wounded.
Sigmund casts a spell.
Sigmund's eyes start glowing with a red light.
Sigmund closely misses you.
Your giant cockroach zombie misses Sigmund.
You hit Sigmund but do no damage.
Sigmund is lightly wounded.
Read which item? (? for menu, Esc to quit)
As you read the scroll labeled ZUACHA QA HEMP, it crumbles to dust.
You feel blessed for a moment.
It was a scroll of remove curse.
Your giant cockroach zombie closely misses Sigmund.
Sigmund casts a spell at you. The puff of flame hits you!
You die...
Yredelemnul claims you as an undead slave.

..#.#####....##.#######.#
.........................
......###..#.###.######.#
......####.#.###..# #...
.......# #.#..###.##K.#
.......# #.##.###.#..#
.......###.##...#Z.g#
.....>..##.####.@...#
###.#...##.# #.@.#....#
...............<.....(...
###.................(.....
.##...#..........#..###..
..#.....#............. .
.................######
.......#..........
.###..............
####....##... ..#


You could see Sigmund (invisible), Ijyb, a kobold and a friendly giant cockroach
zombie.

Vanquished Creatures
  A giant mite (D:1)
  A worm (D:1)
  2 giant geckos (D:1)
  A bat (D:1)
  2 giant cockroaches
  3 goblins
  6 hobgoblins
  A quokka (D:2)
  A giant newt (D:1)
  3 kobolds
  5 rats
26 creatures vanquished.

Vanquished Creatures (others)
  A goblin zombie (D:2)
1 creature vanquished.

Grand Total: 27 creatures vanquished

Notes
Turn   | Place    | Note
--------------------------------------------------------------
     0 | D:1      | PolkaDot, the Vampire Death Knight, began the quest for the Orb.
     0 | D:1      | Reached XP level 1. HP: 16/16 MP: 1/1
   478 | D:1      | Reached skill level 3 in Short Blades
   478 | D:1      | Reached XP level 2. HP: 13/22 MP: 2/2
  1335 | D:1      | Reached skill level 4 in Short Blades
  1335 | D:1      | Reached XP level 3. HP: 17/27 MP: 4/4
  1504 | D:2      | Noticed Sigmund
  1520 | D:2      | Noticed Ijyb
  1528 | D:2      | Killed from afar by Sigmund

Action                   || total
-------------------------++-------
Melee: Short sword       ||    88
Throw: Stone             ||    27
Invok: Animate Remains   ||     4
  Use: Potion            ||     4
       Scroll            ||     3
 Stab: Distracted        ||     1
  Eat: Corpse            ||     6
